[Event "ESCC-65 2022"]
[Site "Lublin"]
[Date "2022.07.13"]
[Round "9.2"]
[White "Chapman, Terry P D"]
[Black "Petran, Peter"]
[Result "1-0"]
[ECO "B06"]
[WhiteElo "2207"]
[BlackElo "2234"]
[Annotator "ChessBase"]
[PlyCount "161"]
[EventDate "2022.07.05"]
[EventType "swiss"]
[EventCountry "POL"]
[SourceTitle "playchess.com"]
[Source "ChessBase"]
[SourceQuality "1"]
[TimeControl "40/5400+30:1800+30"]

1. d4 g6 2. e4 Bg7 3. c4 d6 4. Nc3 Nd7 5. Nf3 e5 6. Be2 Ne7 7. Be3 O-O 8. O-O h6 9. Qd2 Kh7 10. Rad1 Nc6 11. Rfe1 b6 12. dxe5 Ndxe5 13. Nd4 Bb7 14. Nxc6 Nxc6 15. Nd5 Re8 16. f3 a5 17. b3 Ne5 18. Bd4 c5 19. Bc3 Nc6 20. Bxg7 Kxg7 21. Bf1 Nd4 22. Nc3 Qf6 23. Nb5 Nxb5 24. cxb5 Rad8 25. Bc4 Re5 26. Re3 d5 27. exd5 Rd6 28. Qe1 Rxe3 29. Qxe3 Bc8 30. g3 g5 31. Re1 Bd7 32. Kg2 Bc8 33. a4 Bb7 34. Qe4 Bc8 35. Re2 Bf5 36. Qe5 Qxe5 37. Rxe5 Bd7 38. Kf2 Kf8 39. Re4 Bf5 40. Re1 Rd8 41. h4 f6 42. hxg5 hxg5 43. f4 gxf4 44. gxf4 Rd7 45. Rg1 Be4 46. Rd1 Rd6 47. Ke3 Bf5 48. Rg1 Rd7 49. Kf3 Rd8 50. Rh1 Kg7 51. Re1 Kf8 52. Rg1 Rd7 53. Rd1 Rd6 54. Rd2 Kg7 55. Ke3 Kf8 56. Bd3 Bxd3 57. Rxd3 f5 58. Kd2 Ke7 59. Re3+ Kd7 60. Re5 Rh6 61. Rxf5 Kd6 62. Re5 Rh2+ 63. Kd3 Rh1 64. Re6+ Kxd5 65. Rxb6 Rh3+ 66. Kc2 Rh2+ 67. Kc3 Rh3+ 68. Kb2 c4 69. bxc4+ Kxc4 70. Rc6+ Kb4 71. b6 Rh2+ 72. Kc1 Rh1+ 73. Kd2 Kxa4 74. Rc1 Rh2+ 75. Kc3 Rh7 76. Kc4 Ka3 77. Rb1 Rb7 78. Kb5 Ka2 79. Rf1 a4 80. Kc6 Rb8 81. b7 1-0

[Event "ESCC-65 2022"]
[Site "Lublin"]
[Date "2022.07.13"]
[Round "9.3"]
[White "Praszak, Michal"]
[Black "Lederman, Leon"]
[Result "1-0"]
[ECO "A56"]
[WhiteElo "2048"]
[BlackElo "2213"]
[Annotator "ChessBase"]
[PlyCount "129"]
[EventDate "2022.07.05"]
[EventType "swiss"]
[EventCountry "POL"]
[SourceTitle "playchess.com"]
[Source "ChessBase"]
[SourceQuality "1"]
[TimeControl "40/5400+30:1800+30"]

1. d4 Nf6 2. c4 c5 3. d5 e5 4. Nc3 d6 5. e4 Be7 6. g3 O-O 7. Bg2 Ne8 8. Nge2 Nd7 9. O-O Rb8 10. a4 Nc7 11. Nb5 Nxb5 12. axb5 a6 13. Nc3 Bg5 14. b3 g6 15. Bh3 Bxc1 16. Qxc1 Nf6 17. Bxc8 Qxc8 18. f3 Kg7 19. Ra2 h6 20. Rg2 Ne8 21. f4 f6 22. f5 g5 23. Qd1 Qd7 24. Ra2 Nc7 25. Qh5 Qf7 26. Qxf7+ Rxf7 27. b6 Ne8 28. Kf2 Kh8 29. Ke3 Rh7 30. Kd3 g4 31. Nd1 Rd8 32. Ne3 h5 33. Rg1 Rdd7 34. Ng2 Kg7 35. Rb1 Rd8 36. b4 cxb4 37. Rxb4 Rc8 38. Ra5 Kg8 39. Rb1 Rd7 40. Ne3 Kf8 41. Nd1 Rh7 42. Ne3 Rd7 43. Rh1 Rc5 44. Ra2 Ng7 45. h3 gxh3 46. Rxh3 Kg8 47. Rh1 Re7 48. g4 hxg4 49. Nxg4 Ne8 50. Ne3 Rg7 51. Rh4 Kf7 52. Rxa6 Rc8 53. Ra7 Kg8 54. Rg4 Rb8 55. Kc3 Rxg4 56. Nxg4 Kf7 57. Kb4 Ke7 58. Ra1 Kf7 59. Ne3 Rc8 60. Nd1 Ng7 61. Nc3 Rh8 62. Ra7 Rb8 63. Nb5 Ne8 64. Nc7 Kf8 65. Kb5 1-0

[Event "ESCC-65 2022"]
[Site "Lublin"]
[Date "2022.07.13"]
[Round "9.4"]
[White "Schulz, Michael"]
[Black "Bogdanov, Valentin"]
[Result "1/2-1/2"]
[ECO "D00"]
[WhiteElo "2217"]
[BlackElo "2333"]
[Annotator "ChessBase"]
[PlyCount "25"]
[EventDate "2022.07.05"]
[EventType "swiss"]
[EventCountry "POL"]
[SourceTitle "playchess.com"]
[Source "ChessBase"]
[SourceQuality "1"]
[TimeControl "40/5400+30:1800+30"]

1. d4 d5 2. Bf4 Nf6 3. e3 Bf5 4. Bd3 Bxd3 5. Qxd3 c6 6. Nd2 e6 7. Ngf3 Bd6 8. Bxd6 Qxd6 9. O-O Nbd7 10. c3 O-O 11. e4 dxe4 12. Nxe4 Nxe4 13. Qxe4 1/2-1/2

[Event "ESCC-65 2022"]
[Site "Lublin"]
[Date "2022.07.13"]
[Round "9.5"]
[White "Sokolowski, Ryszard"]
[Black "Malesevic, Nedeljko"]
[Result "1-0"]
[ECO "D31"]
[WhiteElo "2050"]
[BlackElo "2228"]
[Annotator "ChessBase"]
[PlyCount "81"]
[EventDate "2022.07.05"]
[EventType "swiss"]
[EventCountry "POL"]
[SourceTitle "playchess.com"]
[Source "ChessBase"]
[SourceQuality "1"]
[TimeControl "40/5400+30:1800+30"]

1. d4 d5 2. c4 e6 3. Nc3 c6 4. e4 dxe4 5. Nxe4 Bb4+ 6. Bd2 Be7 7. Nf3 Nf6 8. Bd3 O-O 9. Nxf6+ Bxf6 10. Qe2 Re8 11. O-O-O Nd7 12. g4 g6 13. g5 Bg7 14. h4 c5 15. h5 cxd4 16. hxg6 fxg6 17. Bb4 Ne5 18. Nxe5 Qxg5+ 19. Bd2 Qxe5 20. Qg4 Rf8 21. Rxh7 Kxh7 22. Qxg6+ Kg8 23. Rg1 Rf7 24. Qh7+ Kf8 25. Bb4+ Ke8 26. Bg6 Qf4+ 27. Kb1 Bf8 28. Qg8 Kd7 29. Bxf7 Qe4+ 30. Ka1 Bxb4 31. a3 Bd6 32. Be8+ Kc7 33. Rg7+ Kb6 34. Bg6 Qh1+ 35. Ka2 Qc6 36. Qd8+ Ka6 37. Bd3 Bc5 38. b4 Qb6 39. Qe8 Bd7 40. Qxd7 Bxb4 41. c5+ 1-0

[Event "ESCC-65 2022"]
[Site "Lublin"]
[Date "2022.07.13"]
[Round "9.6"]
[White "Syre, Christian"]
[Black "Biro, Sandor"]
[Result "1-0"]
[ECO "A05"]
[WhiteElo "2243"]
[BlackElo "2116"]
[Annotator "ChessBase"]
[PlyCount "73"]
[EventDate "2022.07.05"]
[EventType "swiss"]
[EventCountry "POL"]
[SourceTitle "playchess.com"]
[Source "ChessBase"]
[SourceQuality "1"]
[TimeControl "40/5400+30:1800+30"]

1. Nf3 Nf6 2. c4 g6 3. Nc3 d5 4. cxd5 Nxd5 5. Qb3 Nb6 6. d4 Bg7 7. Bf4 O-O 8. e4 Nc6 9. d5 e5 10. Be3 Nd4 11. Qd1 Bg4 12. Be2 Nxe2 13. Qxe2 f5 14. Bxb6 cxb6 15. h3 fxe4 16. hxg4 exf3 17. gxf3 Rc8 18. Rd1 b5 19. Kf1 Rc4 20. Kg2 Rd4 21. Rxd4 exd4 22. Qe6+ Rf7 23. Nxb5 Kf8 24. Rxh7 Re7 25. Qxg6 Qxd5 26. Nd6 Qc6 27. Rh5 d3 28. Qxd3 Re6 29. Nf5 Bxb2 30. Rh7 Bf6 31. Qb3 b5 32. Rxa7 Qc4 33. Qa3+ b4 34. Qa4 Re1 35. Ng3 Qc1 36. Qxb4+ Be7 37. Rxe7 1-0

[Event "ESCC-65 2022"]
[Site "Lublin"]
[Date "2022.07.13"]
[Round "9.7"]
[White "Krupa, Jerzy"]
[Black "Dobosz, Henryk"]
[Result "0-1"]
[ECO "B49"]
[WhiteElo "1771"]
[BlackElo "2354"]
[Annotator "ChessBase"]
[PlyCount "68"]
[EventDate "2022.07.05"]
[EventType "swiss"]
[EventCountry "POL"]
[SourceTitle "playchess.com"]
[Source "ChessBase"]
[SourceQuality "1"]
[TimeControl "40/5400+30:1800+30"]

1. e4 c5 2. Nf3 e6 3. d4 cxd4 4. Nxd4 Nc6 5. Nc3 Qc7 6. Be3 a6 7. Be2 Nf6 8. O-O d6 9. f4 Bd7 10. Nxc6 Bxc6 11. Bf3 Be7 12. Qe1 b5 13. a3 O-O 14. Qg3 Nd7 15. Bd4 e5 16. Be3 exf4 17. Bxf4 Ne5 18. Rad1 Rad8 19. h4 Bf6 20. Nd5 Bxd5 21. Rxd5 Qxc2 22. Bh6 Ng6 23. h5 gxh6 24. hxg6 hxg6 25. Bd1 Qxb2 26. Bh5 Be5 27. Qg4 Bg7 28. Bxg6 fxg6 29. Qe6+ Kh7 30. Rdf5 gxf5 31. exf5 Qd4+ 32. Rf2 Rf6 33. Qe2 Rxf5 34. Qc2 Rdf8 0-1

[Event "ESCC-65 2022"]
[Site "Lublin"]
[Date "2022.07.13"]
[Round "9.8"]
[White "Neumann, Joachim"]
[Black "Severcan, Sedat Sabri"]
[Result "1-0"]
[ECO "A06"]
[WhiteElo "2082"]
[BlackElo "1849"]
[Annotator "ChessBase"]
[PlyCount "111"]
[EventDate "2022.07.05"]
[EventType "swiss"]
[EventCountry "POL"]
[SourceTitle "playchess.com"]
[Source "ChessBase"]
[SourceQuality "1"]
[TimeControl "40/5400+30:1800+30"]

1. Nf3 d5 2. g3 c6 3. Bg2 Nf6 4. b3 g6 5. Bb2 Bg7 6. c4 O-O 7. O-O a5 8. d3 Re8 9. Nbd2 Nbd7 10. cxd5 cxd5 11. d4 h6 12. Rc1 Ra6 13. Qc2 Nf8 14. Ne5 Ne6 15. Qd3 Bd7 16. a4 Ra8 17. Rc2 Rc8 18. Rxc8 Qxc8 19. Rc1 Qd8 20. Qc3 h5 21. e3 b5 22. Nxd7 Qxd7 23. Qxa5 bxa4 24. Qxa4 Qb7 25. Qc6 Qxc6 26. Rxc6 Ra8 27. Rc1 Ra2 28. Bc3 Ng5 29. h4 Nge4 30. Nxe4 dxe4 31. Rb1 Nd5 32. Be1 f5 33. Bf1 e6 34. b4 Bf8 35. b5 Ra7 36. Bc4 Kf7 37. b6 Rb7 38. Ba5 Bd6 39. Ba6 Re7 40. b7 Bb8 41. Bb5 Kg7 42. Bc6 Rf7 43. Kf1 Rf8 44. Rb5 Nc7 45. Bxc7 Bxc7 46. Bd7 Kf7 47. Bc8 Bb8 48. Ra5 Ke7 49. Ra8 Bc7 50. Bxe6 Rb8 51. Bc8 Kf7 52. Ra6 Bd8 53. Ke2 g5 54. Rh6 gxh4 55. gxh4 Bxh4 56. Rxh5 1-0

[Event "ESCC-65 2022"]
[Site "Lublin"]
[Date "2022.07.13"]
[Round "9.9"]
[White "Rak, Tomasz"]
[Black "Wagner-Michel, Annett"]
[Result "1/2-1/2"]
[ECO "D02"]
[WhiteElo "1887"]
[BlackElo "2056"]
[Annotator "ChessBase"]
[PlyCount "162"]
[EventDate "2022.07.05"]
[EventType "swiss"]
[EventCountry "POL"]
[SourceTitle "playchess.com"]
[Source "ChessBase"]
[SourceQuality "1"]
[TimeControl "40/5400+30:1800+30"]

1. Nf3 d5 2. d4 Nf6 3. Bf4 e6 4. Nbd2 c5 5. e3 Bd6 6. Bg3 O-O 7. c3 Nc6 8. Bd3 c4 9. Bc2 b5 10. a3 a5 11. Qe2 g6 12. e4 dxe4 13. Nxe4 Nxe4 14. Qxe4 Bb7 15. Qe3 Re8 16. O-O Ne7 17. Be5 Nd5 18. Qh6 Bf8 19. Qh3 f6 20. Bg3 Bc8 21. Rfe1 Ra6 22. Qh4 Bg7 23. Nd2 f5 24. Qxd8 Rxd8 25. Be5 Bh6 26. Nf1 Bd7 27. Ne3 Nxe3 28. fxe3 Rda8 29. e4 b4 30. axb4 axb4 31. Rxa6 Rxa6 32. cxb4 Bd2 33. Rd1 Bxb4 34. d5 Bc5+ 35. Bd4 Bxd4+ 36. Rxd4 Ra1+ 37. Kf2 Ra2 38. Rxc4 Rxb2 39. Ke3 fxe4 40. Bxe4 exd5 41. Bxd5+ Kf8 42. Rf4+ Ke8 43. h4 Bb5 44. g4 Re2+ 45. Kd4 Bd7 46. Kc5 Be6 47. Bf3 Rd2 48. Rb4 Ke7 49. g5 Rd7 50. Bc6 Ra7 51. Rb8 Kf7 52. Kd6 Ba2 53. Rb2 Kg7 54. Bd7 Bf7 55. Rf2 Ra3 56. Re2 Rd3+ 57. Ke7 Bc4 58. Re4 Bd5 59. Re5 Bg8 60. Kd8 Rf3 61. Re7+ Rf7 62. Re4 Rf8+ 63. Ke7 Rf7+ 64. Kd6 Rf2 65. Bb5 Bb3 66. Rb4 Bg8 67. Ba6 Rf8 68. Rb7+ Rf7 69. Rb8 Rf4 70. Rb7+ Rf7 71. Rb4 Rf8 72. Be2 h6 73. Bc4 Bxc4 74. Rxc4 hxg5 75. hxg5 Rf7 76. Re4 Rf5 77. Re7+ Kg8 78. Re5 Rf2 79. Rc5 Re2 80. Rc7 Re3 81. Re7 Rg3 1/2-1/2

[Event "ESCC-65 2022"]
[Site "Lublin"]
[Date "2022.07.13"]
[Round "9.10"]
[White "Hewson, Brian W R"]
[Black "Scowen, Roger S"]
[Result "1-0"]
[ECO "D35"]
[WhiteElo "2049"]
[BlackElo "1864"]
[Annotator "ChessBase"]
[PlyCount "73"]
[EventDate "2022.07.05"]
[EventType "swiss"]
[EventCountry "POL"]
[SourceTitle "playchess.com"]
[Source "ChessBase"]
[SourceQuality "1"]
[TimeControl "40/5400+30:1800+30"]

1. c4 e6 2. Nc3 d5 3. d4 Nf6 4. cxd5 exd5 5. Bg5 Be7 6. e3 O-O 7. Bd3 h6 8. Bh4 c6 9. Nge2 Ne4 10. Bxe7 Qxe7 11. Nxe4 dxe4 12. Bc2 Bg4 13. Qd2 Bxe2 14. Qxe2 Nd7 15. O-O f5 16. Rfd1 Nb6 17. Bb3+ Nd5 18. Rac1 Rad8 19. g3 Kh7 20. Rc5 Rf6 21. Bxd5 Rxd5 22. Rxd5 cxd5 23. Qb5 Rd6 24. Rc1 Qd7 25. Qxd7 Rxd7 26. b4 Kg6 27. a4 Kf6 28. h4 Ke6 29. Kg2 Kd6 30. h5 g5 31. hxg6 Rg7 32. Rc8 Rxg6 33. Rh8 f4 34. exf4 Re6 35. f5 Rf6 36. g4 Ke7 37. Rh7+ 1-0

[Event "ESCC-65 2022"]
[Site "Lublin"]
[Date "2022.07.13"]
[Round "9.11"]
[White "Stokes, Michael"]
[Black "Patola, Eero"]
[Result "1/2-1/2"]
[ECO "B01"]
[WhiteElo "2024"]
[BlackElo "1810"]
[Annotator "ChessBase"]
[PlyCount "119"]
[EventDate "2022.07.05"]
[EventType "swiss"]
[EventCountry "POL"]
[SourceTitle "playchess.com"]
[Source "ChessBase"]
[SourceQuality "1"]
[TimeControl "40/5400+30:1800+30"]

1. e4 d5 2. exd5 Nf6 3. Nf3 Nxd5 4. d4 g6 5. c4 Nb6 6. Nc3 c6 7. Be2 Bg7 8. a4 Bg4 9. Be3 Bxf3 10. gxf3 O-O 11. a5 Nc8 12. Qd2 Nd6 13. Bd3 Ne8 14. Ne2 Nc7 15. h4 h5 16. Rg1 e5 17. Bg5 Qd7 18. Ng3 Ne6 19. Nxh5 Nxd4 20. Qe3 Qh3 21. Ng3 Nd7 22. h5 Nc5 23. O-O-O Nxd3+ 24. Qxd3 Qe6 25. h6 Bf6 26. Ne4 Bxg5+ 27. Rxg5 b5 28. Nc5 Qf6 29. Rg3 Rad8 30. Rdg1 Kh7 31. Ne4 Qf4+ 32. Kb1 Nf5 33. Qe2 Nxg3 34. fxg3 Qf5 35. g4 Qf4 36. c5 f5 37. gxf5 Rxf5 38. Qg2 Rg8 39. Ng5+ Rxg5 40. Qxg5 Qxg5 41. Rxg5 Re8 42. Kc2 Kxh6 43. Rg4 g5 44. Kd3 Kg6 45. Ke4 Kf6 46. Rg2 Rd8 47. Rh2 Rd4+ 48. Ke3 Kg6 49. Rh8 Rc4 50. Ra8 Rxc5 51. Rxa7 Rc2 52. Rc7 Rxb2 53. Rxc6+ Kf5 54. a6 Ra2 55. Rb6 Ra3+ 56. Kf2 b4 57. Rxb4 Rxa6 58. Kg3 Rd6 59. Rb3 Rd4 60. Rb8 1/2-1/2

[Event "ESCC-65 2022"]
[Site "Lublin"]
[Date "2022.07.13"]
[Round "9.12"]
[White "Plesiuk, Jan"]
[Black "Gasik, Piotr"]
[Result "1/2-1/2"]
[ECO "A85"]
[WhiteElo "1573"]
[BlackElo "1990"]
[Annotator "ChessBase"]
[PlyCount "140"]
[EventDate "2022.07.05"]
[EventType "swiss"]
[EventCountry "POL"]
[SourceTitle "playchess.com"]
[Source "ChessBase"]
[SourceQuality "1"]
[TimeControl "40/5400+30:1800+30"]

1. d4 f5 2. c4 Nf6 3. Nc3 g6 4. Bf4 Bg7 5. f3 O-O 6. Qd2 d6 7. d5 e5 8. Bh6 a5 9. Bxg7 Kxg7 10. e4 f4 11. g3 Nh5 12. Qg2 Na6 13. g4 Nf6 14. h4 Nc5 15. h5 g5 16. Nh3 h6 17. Qc2 Bd7 18. Nf2 Be8 19. b3 Nfd7 20. Be2 Na6 21. a3 Ndc5 22. Rb1 b6 23. O-O Qd7 24. b4 Nb7 25. Rfd1 Bf7 26. Bd3 Rfc8 27. Qe2 Nb8 28. Bc2 Qd8 29. Ba4 c5 30. b5 Nd7 31. Rd2 Nf6 32. Bd1 Qe7 33. a4 Rh8 34. Qf1 Rag8 35. Qh3 Kf8 36. Kf1 Ke8 37. Ke2 Kd8 38. Kd3 Kc7 39. Be2 Qd7 40. Rg1 Nd8 41. Rdd1 Rg7 42. Qh2 Qe8 43. Qh3 Kb8 44. Rg2 Qd7 45. Rdg1 Kc7 46. Nb1 Rf8 47. Nd2 Be8 48. Kc3 Nf7 49. Kb3 Nh8 50. Bd1 Kd8 51. Kc3 Rh7 52. Rh2 Ke7 53. Qf1 Bf7 54. Be2 Qe8 55. Kb3 Kd8 56. Kc3 Bxh5 57. gxh5 Nxh5 58. Qh3 Ng3 59. Rxg3 fxg3 60. Qxg3 Ng6 61. Rxh6 Rg7 62. Qxg5+ Qe7 63. Qxe7+ Kxe7 64. Ng4 Nf4 65. Bf1 Rff7 66. Ne3 Rg6 67. Rh8 Rf8 68. Rh7+ Rf7 69. Rh8 Rf8 70. Rh7+ Rf7 1/2-1/2

[Event "ESCC-65 2022"]
[Site "Lublin"]
[Date "2022.07.13"]
[Round "9.13"]
[White "Olszowski, Andrzej"]
[Black "Chubar, Vladimir"]
[Result "1-0"]
[ECO "A40"]
[WhiteElo "1600"]
[BlackElo "1809"]
[Annotator "NA"]
[PlyCount "107"]
[EventDate "2022.07.05"]
[EventType "swiss"]
[EventCountry "POL"]
[SourceTitle "playchess.com"]
[Source "ChessBase"]
[SourceQuality "1"]
[TimeControl "40/5400+30:1800+30"]

1. d4 g6 2. Bg5 Bg7 3. Nf3 c5 4. c3 Qb6 5. Bc1 Nc6 6. e3 d5 7. h3 Nf6 8. Bd3 O-O 9. Nbd2 cxd4 10. exd4 e5 11. dxe5 Nd7 12. O-O Ndxe5 13. Bc2 Be6 14. Nb3 Nc4 15. Rb1 d4 16. Nbxd4 Rad8 17. b3 N4e5 18. Bb2 Rfe8 19. Re1 Qa6 20. Ra1 Nxf3+ 21. Qxf3 Nxd4 22. cxd4 Bxd4 23. Bxd4 Rxd4 24. Qe3 Red8 25. Red1 Rxd1+ 26. Bxd1 b6 27. Be2 Qa5 28. Bf3 Qa3 29. Qe5 h5 30. Bxh5 Rd5 31. Qb8+ Kh7 32. Bf3 Rd2 33. Qe5 Qb2 34. Qxb2 Rxb2 35. h4 Kg7 36. g4 Kf6 37. Kg2 Ke5 38. Re1+ Kd6 39. Re2 Rxe2 40. Bxe2 Kc5 41. h5 gxh5 42. gxh5 Kd4 43. Kg3 Ke5 44. Bc4 Bf5 45. Bxf7 Kf6 46. Bg6 Be6 47. Kf4 a5 48. Bc2 b5 49. h6 b4 50. h7 Kg7 51. Ke5 Bf7 52. Kd6 a4 53. Kc5 axb3 54. axb3 1-0

[Event "ESCC-65 2022"]
[Site "Lublin"]
[Date "2022.07.13"]
[Round "9.14"]
[White "Sosnowska, Elzbieta"]
[Black "Sciupokas, Arunas"]
[Result "1/2-1/2"]
[ECO "B03"]
[WhiteElo "1726"]
[BlackElo "1960"]
[Annotator "ChessBase"]
[PlyCount "114"]
[EventDate "2022.07.05"]
[EventType "swiss"]
[EventCountry "POL"]
[SourceTitle "playchess.com"]
[Source "ChessBase"]
[SourceQuality "1"]
[TimeControl "40/5400+30:1800+30"]

1. e4 Nf6 2. e5 Nd5 3. d4 d6 4. c4 Nb6 5. f4 dxe5 6. fxe5 Bf5 7. Nc3 e6 8. Nf3 Nc6 9. Be3 Be7 10. Be2 O-O 11. O-O f6 12. exf6 Bxf6 13. Qd2 Qe7 14. Rad1 Rad8 15. Qc1 h6 16. Kh1 Kh8 17. h3 Bh7 18. Bg1 e5 19. dxe5 Nxe5 20. Nd5 Nxd5 21. cxd5 Nxf3 22. Bxf3 b6 23. Bh2 Rf7 24. Bg4 Bg5 25. Rxf7 Qxf7 26. Qxc7 Qf2 27. Be5 Bf6 28. Bf3 Re8 29. Bxf6 gxf6 30. Qc3 Kg7 31. d6 Qc5 32. d7 Rd8 33. Qxc5 bxc5 34. g4 Bg8 35. a3 Be6 36. Bc6 f5 37. Rd6 Kf7 38. gxf5 Bxf5 39. Rxh6 Ke7 40. b4 cxb4 41. axb4 Rg8 42. Kh2 Rg7 43. b5 Bxd7 44. Bxd7 Kxd7 45. Ra6 Kc8 46. b6 axb6 47. Rxb6 Kd8 48. h4 Ke8 49. Kh3 Kf8 50. Rb8+ Kf7 51. h5 Rg1 52. Rb6 Kg7 53. Kh4 Kh7 54. Ra6 Rg7 55. Rb6 Rg1 56. Rb7+ Kh6 57. Rb6+ Kh7 1/2-1/2

[Event "ESCC-65 2022"]
[Site "Lublin"]
[Date "2022.07.13"]
[Round "9.16"]
[White "Gromowski, Stanislaw"]
[Black "Virtanen, Esko"]
[Result "1-0"]
[ECO "B01"]
[WhiteElo "1613"]
[BlackElo "1709"]
[Annotator "NA"]
[PlyCount "45"]
[EventDate "2022.07.05"]
[EventType "swiss"]
[EventCountry "POL"]
[SourceTitle "playchess.com"]
[Source "ChessBase"]
[SourceQuality "1"]
[TimeControl "40/5400+30:1800+30"]

1. e4 d5 2. exd5 Qxd5 3. Nf3 c6 4. d4 Bg4 5. Be2 e6 6. O-O Nf6 7. c4 Qa5 8. Nc3 Qc7 9. Re1 Be7 10. Bg5 O-O 11. Rc1 h6 12. Bh4 Re8 13. h3 Bf5 14. d5 Nbd7 15. Nd4 cxd5 16. cxd5 Qb6 17. Nxf5 exf5 18. Qc2 f4 19. Bxf6 Bxf6 20. Rb1 Rac8 21. Bg4 Rxe1+ 22. Rxe1 Rd8 23. Bxd7 1-0